 Dungeon Crawl Stone Soup version 0.29-a0-885-gb26ba3297d (webtiles) character file.

Game seed: 17720980599918845175

51275 jimonade the Eclecticist (level 15, -8/115 HPs)
             Began as a Formicid Earth Elementalist on July 19, 2022.
             Was an Elder of Vehumet.
             Succumbed to a death drake's dark miasma
             ... on level 5 of the Lair of Beasts on July 20, 2022.
             The game lasted 02:05:15 (28826 turns).

jimonade the Eclecticist (FoEE)                    Turns: 28826, Time: 02:05:17

Health: -8/115     AC: 10    Str: 12    XL:     15   Next: 1%
Magic:  13/34      EV: 16    Int: 29    God:    Vehumet [****..]
Gold:   2034       SH:  9    Dex: 17    Spells: 23/44 levels left

rFire   . . .      SeeInvis +   a - staff of conjuration
rCold   . . .      Faith    .   J - +0 kite shield
rNeg    . . .      Spirit   .   S - +4 robe of Fefaethre {Will+ Dex+3}
rPois   .          Reflect  .   (helmet unavailable)
rElec   .          Harm     .   O - +2 cloak
rCorr   .          Rampage  .   B - +0 pair of gloves
Will    ++...                   (no boots)
Stlth   ++........              D - amulet of regeneration
HPRegen 1.09/turn               K - +4 ring of evasion
MPRegen 0.24/turn               L - +6 ring of intelligence

@: lethally poisoned (-8 -> -84)
A: permanent stasis, dig shafts and tunnels, antennae 3, four strong arms
a: Dig, Shaft Self, Renounce Religion


You were on level 5 of the Lair of Beasts.
You worshipped Vehumet.
Vehumet was greatly pleased with you.
You visited 3 branches of the dungeon, and saw 15 of its levels.
You also visited: Bailey, Gauntlet and Volcano.

You collected 2034 gold pieces.

Inventory:

Hand Weapons
 b - a +2 arbalest of flaming
 I - the +7 Singing Sword {vorpal, sonic wave}
   (You took it off a minotaur in a Gauntlet)

   It inflicts extra damage upon your enemies.
   It radiates damaging sonic waves as it strikes, especially in combat
   involving dangerous or numerous foes.
 N - a +3 quarterstaff of chaos
Missiles
 o - a throwing net
 q - 7 atropa-tipped darts
 M - 6 silver javelins
 W - 6 curare-tipped darts
Armour
 f - +0 steam dragon scales
 j - a +1 scale mail of fire resistance
 r - the +1 ring mail of the Stars {rF+ rN+ Int+2 Dex-4}
   (You found it on level 2 of the Dungeon)

   Int:       It affects your intelligence (+2).
   Dex:       It affects your dexterity (-4).
   rF:        It protects you from fire.
   rN:        It protects you from negative energy.
 w - the +1 leather armour of Whack-A-Mole {Dex+3 Slay+2}
   (You found it on level 2 of the Dungeon)

   Dex:       It affects your dexterity (+3).
   Slay:      It affects your accuracy & damage with ranged weapons and melee
   (+2).
 B - a +0 pair of gloves (worn)
 J - a +0 kite shield (worn)
 O - a +2 cloak (worn)
 R - the +1 robe of the Poles {Fly rF- rC++ Str+4}
   (You found it in a Gauntlet)

   Str:       It affects your strength (+4).
   rF:        It makes you vulnerable to fire.
   rC:        It greatly protects you from cold.
   Fly:       It grants you flight.
 S - the +4 robe of Fefaethre (worn) {Will+ Dex+3}
   (You found it on level 6 of the Dungeon)

   Dex:       It affects your dexterity (+3).
   Will:      It increases your willpower.
Magical Staves
 a - a staff of conjuration (weapon)
 m - a staff of death
Jewellery
 l - the ring "Nummiu" {Fire Slay+3}
   (You found it in a Gauntlet)

   [ring of fire]

   It enhances your fire magic.
   Slay:      It affects your accuracy & damage with ranged weapons and melee
   (+3).
   rF:        It protects you from fire.
   rC:        It makes you vulnerable to cold.
 v - a +6 ring of strength
 y - a ring of protection from fire
 A - the ring of Cywkyrph {Fire Str+4 Dex+4}
   (You found it in a Gauntlet)

   [ring of fire]

   It enhances your fire magic.
   Str:       It affects your strength (+4).
   Dex:       It affects your dexterity (+4).
   rF:        It protects you from fire.
   rC:        It makes you vulnerable to cold.
 D - an amulet of regeneration (around neck)
 G - the ring "Dyoch" {Ice rN+ Will- Int+3}
   (You took it off a minotaur in a Gauntlet)

   [ring of ice]

   It enhances your ice magic.
   Int:       It affects your intelligence (+3).
   rF:        It makes you vulnerable to fire.
   rC:        It protects you from cold.
   rN:        It protects you from negative energy.
   Will:      It decreases your willpower.
 K - a +4 ring of evasion (left hand)
 L - a +6 ring of intelligence (right hand)
Wands
 e - a wand of roots (17)
 n - a wand of flame (18)
 p - a wand of digging (9)
 s - a wand of paralysis (29)
 P - a wand of acid (9)
 V - a wand of polymorph (6)
Scrolls
 g - 3 scrolls of magic mapping
 i - a scroll of fear
 k - a scroll of fog
 t - a scroll of brand weapon
 z - 2 scrolls of enchant weapon
 F - a scroll of identify
 Z - a scroll of summoning
Potions
 c - 5 potions of might
 h - 2 potions of resistance
 x - 8 potions of curing
 C - 6 potions of magic
 E - 8 potions of flight
 Q - 3 potions of heal wounds
 T - 5 potions of cancellation
 U - 2 potions of brilliance
 X - 2 potions of ambrosia
 Y - 3 potions of invisibility
Miscellaneous
 d - a piece from Xom's chessboard (15/15)
 u - a phial of floods
 H - a condenser vane


   Skills:
 * Level 9.7 Fighting
 + Level 0.5 Long Blades
 + Level 1.2 Staves
 + Level 1.2 Ranged Weapons
 + Level 4.4 Armour
 + Level 3.4 Dodging
 - Level 2.4 Stealth
 * Level 2.3 Shields
 * Level 15.4 Spellcasting
 + Level 7.0 Conjurations
 * Level 9.0 Transmutations
 * Level 8.8 Ice Magic
 + Level 11.9 Earth Magic
 + Level 0.6 Evocations


You had 23 spell levels left.
You knew the following spells:

 Your Spells              Type           Power      Damage    Failure   Level
a - Sandblast             Erth           100%       2d20      1%          1
b - Freeze                Ice            100%       1d11      1%          1
c - Stone Arrow           Conj/Erth      100%       3d13      1%          3
d - Frozen Ramparts       Ice            100%       1d12      1%          3
e - Petrify               Tmut/Erth      70%        N/A       1%          4
f - Hailstorm             Conj/Ice       80%        3d16      1%          4
g - Lee's Rapid Deconstr  Erth           37%        3d20*     1%          5

Your spell library contained the following spells:

 Spells                   Type           Power      Damage    Failure   Level
 Passwall                 Tmut/Erth      58%        N/A       1%          2
 Apportation              Tloc           44%        N/A       5%          1
 Summon Small Mammal      Summ           88%        N/A       5%          1
 Call Canine Familiar     Summ           22%        N/A       16%         3
 Summon Guardian Golem    Hex/Summ       22%        N/A       16%         3
 Alistair's Intoxication  Tmut/Pois      32%        N/A       22%         5
 Animate Dead             Necr           22%        N/A       45%         4
 Haunt                    Necr/Summ      11%        N/A       100%        7
 Infestation              Necr           11%        N/A       100%        8


Dungeon Overview and Level Annotations

Branches:
Dungeon (9/15)             Temple (1/1) D:7            Lair (5/5) D:9
 Shoals (0/4) Lair:2       Spider (0/4) Lair:3        Slime (0/5) Lair:5
    Orc (0/2) D:9          Bailey (visited)         Volcano (visited)
Gauntlet (visited)

Altars:
Ashenzari
Cheibriados
Dithmenos
Elyvilon
Fedhas
Gozag
Hepliaklqana
Kikubaaqudgha
Makhleb
Nemelex Xobeh
Okawaru
Qazlal
Ru
Sif Muna
Trog
Uskayaw
Vehumet
Wu Jian
Xom
Yredelemnul
Zin
The Shining One
Jiyva
Lugonu

Shops:
D:1 =   D:4 [   D:5 =   D:7 :

Portals:
Abyss: Lair:5

Annotations:
D:5 exclusions: 2 gnolls and 1 more exclusion
D:6 9 exclusions
D:7 exclusion: downstairs
D:8 3 runed translucent doors, kevlar127's ghost, novice TrBe
Lair:2 exclusion: downstairs


Innate Abilities, Weirdness & Mutations

You cannot be hasted, slowed, berserked, paralysed or teleported.
You can dig through walls and to a lower floor.
You have a pair of large antennae on your head. (SInv)
Your four strong arms can wield two-handed weapons with a shield.


Message History

You are more poisoned.
Your stasis prevents you from being slowed.
You block the ufetubus's attack. The ufetubus barely misses you.
You hit the death drake.
The death drake is almost dead.
You are engulfed in dark miasma.
You are more poisoned.
Your stasis prevents you from being slowed.
You feel extremely sick. The ufetubus misses you.
The ufetubus closely misses you. You block the ufetubus's attack.
The ufetubus completely misses you. The death drake closely misses you.
The ufetubus hits you.
The ufetubus hits you but does no damage.
You block the ufetubus's attack. The ufetubus misses you. x2
The ufetubus hits you but does no damage.
The death drake barely misses you.
You are engulfed in dark miasma.
You are more poisoned.
Your stasis prevents you from being slowed.
* * * LOW HITPOINT WARNING * * *
You feel extremely sick. The ufetubus barely misses you. x2
The death drake breathes miasma at you. The foul vapour engulfs you!
You are lethally poisoned!
Your stasis prevents you from being slowed.
* * * LOW HITPOINT WARNING * * *
Really walk into that cloud of foul pestilence?
Okay, then.
Really walk into that cloud of foul pestilence?
Okay, then.
Really walk into that cloud of foul pestilence?
The ufetubus attacks as you move away! The ufetubus completely misses you.
The ufetubus hits you but does no damage.
The ufetubus attacks as you move away! You block the ufetubus's attack.
The ufetubus barely misses you.
You are engulfed in dark miasma.
You are more poisoned.
Your stasis prevents you from being slowed.
* * * LOW HITPOINT WARNING * * *
You die...

.................5...............
.#..##..#.............#P.##.P...#
..#..#..#........x...P...#....##.
.................3...............
#..#.#.P...#..#..5.........#.....
...............5.................
..P.........P.P5555○.............
................k.○..............
.....#....P.....@○○.......#..#...
...............○○○○.......^......
_.P...##.##.........#.#.........#
>...#.#....#....#....#...........
.................................
.#.##.....................#P.....
#..P..P..#..P..P.................
.................................
.#.........#####...........#..###


You could see a death drake (catching breath), a ynoxinul, a small abomination
and 6 ufetubi.

Vanquished Creatures
  Gastronok (Lair:3)
  A minotaur (Gauntlet)
  5 hydras
  A ghost crab (Gauntlet)
  A catoblepas (Lair:4)
  An ogre mage (Volcano)
  8 death yaks
  6 two-headed ogres (Volcano)
  3 thrashing horrors (Lair:5)
  Sonja (Lair:3)
  A hell knight (Volcano)
  A glowing orange brain (Gauntlet)
  A deep troll (shapeshifter) (D:9)
  4 ugly things
  A manticore (Lair:5)
  6 black mambas
  5 elephants
  A torpor snail (Lair:4)
  5 rime drakes
  A kobold demonologist (D:9)
  6 cane toads
  11 komodo dragons
  2 minotaur zombies (Gauntlet)
  2 ancient zymes (Lair:5)
  A polar bear (Lair:2)
  A troll (D:8)
  A wind drake (shapeshifter) (Lair:5)
  38 blink frogs
  A spriggan (Lair:5)
  3 fire bats (Lair:2)
  2 ynoxinuls (Lair:5)
  3 wyverns
  6 basilisks
  18 yaks
  4 steam dragons
  7 small abominations (Lair:5)
  12 water moccasins
  A sky beast (D:7)
  3 black bears
  11 orc warriors
  A large abomination (Lair:5)
  An ice beast (D:7)
  2 centaurs
  14 wolves
  A phantom (D:5)
  A kobold brigand (D:6)
  10 bullfrogs
  2 necrophages
  6 scorpions
  3 wights (D:7)
  6 killer bees (D:9)
  A vampire bat (D:8)
  4 howler monkeys
  3 jellies
  Crazy Yiuf (D:5)
  3 hounds
  6 orc priests
  A gnoll bouda (D:7)
  2 iguanas
  8 orc wizards
  A hell rat (D:9)
  2 gnolls (Bailey)
  5 adders
  2 river rats (D:9)
  3 white imps (D:7)
  An ufetubus (D:5)
  2 worms
  A dart slug (D:1)
  22 orcs
  5 ball pythons
  9 bats
  A bat skeleton (D:8)
  3 bat zombies (D:8)
  8 endoplasms
  4 giant cockroaches
  7 goblins
  6 hobgoblins
  4 jackals (D:3)
  28 kobolds
  8 quokkas
  5 frilled lizards
  8 rats
398 creatures vanquished.

Vanquished Creatures (others)
  43 fungi
  62 plants
105 creatures vanquished.

Grand Total: 503 creatures vanquished

Notes
Turn   | Place    | Note
-------+----------+-------------------------------------------
     0 | D:1      | jimonade the Formicid Earth Elementalist began the quest
                  | for the Orb.
     0 | D:1      | Reached XP level 1. HP: 13/13 MP: 3/3
     0 | D:1      | Upgraded the game from 0.29-a0-878-g7b45a56547 to
                  | 0.29-a0-885-gb26ba3297d
   239 | D:1      | Reached XP level 2. HP: 20/20 MP: 1/5
   301 | D:1      | Found Kuclon's Jewellery Shoppe.
   435 | D:1      | Reached skill level 1 in Fighting
   742 | D:1      | Reached XP level 3. HP: 26/26 MP: 5/7
  1119 | D:2      | Reached skill level 3 in Spellcasting
  1158 | D:2      | Identified the +1 ring mail of the Stars {rF+ rN+ Int+2
                  | Dex-4}
  1314 | D:2      | Identified the +1 leather armour of Whack-A-Mole {Dex+3
                  | Slay+2}
  1707 | D:3      | Found a burning altar of Makhleb.
  1808 | D:3      | Reached XP level 4. HP: 32/32 MP: 3/8
  1956 | D:3      | Noticed a necrophage
  1967 | D:3      | Killed a necrophage
  1968 | D:3      | Reached skill level 1 in Ice Magic
  1968 | D:3      | Reached XP level 5. HP: 25/38 MP: 5/10
  2340 | D:3      | Reached skill level 4 in Spellcasting
  2719 | D:3      | Found a shadowy altar of Dithmenos.
  3078 | D:4      | Found a broken altar of Ashenzari.
  3479 | D:4      | Found Dego's Antique Armour Emporium.
  3619 | D:5      | Entered Level 5 of the Dungeon
  3737 | D:5      | Found a white marble altar of Elyvilon.
  3749 | D:5      | Reached XP level 6. HP: 44/44 MP: 9/12
  3873 | D:5      | Reached skill level 5 in Earth Magic
  4063 | D:5      | Found Zaumimpu's Jewellery Shoppe.
  4515 | D:5      | Learned a level 1 spell: Freeze
  4519 | D:5      | Learned a level 3 spell: Stone Arrow
  4565 | D:5      | Reached skill level 5 in Spellcasting
  4604 | D:5      | Found an opulent altar of Gozag.
  4779 | D:5      | Reached XP level 7. HP: 49/51 MP: 10/14
  4966 | D:5      | Found a bloodstained altar of Trog.
  5019 | D:5      | Found a runed translucent door.
  5020 | D:5      | Noticed Crazy Yiuf
  5027 | D:5      | Killed Crazy Yiuf
  6324 | D:6      | Reached skill level 6 in Spellcasting
  6329 | D:6      | Identified the +4 robe of Fefaethre {Will+ Dex+3}
  6388 | D:6      | Noticed a water moccasin
  6391 | D:6      | Killed a water moccasin
  6392 | D:6      | Reached XP level 8. HP: 58/58 MP: 11/17
  6652 | D:6      | Reached skill level 1 in Conjurations
  7370 | D:7      | Found Wawoenay's Book Shoppe.
  7502 | D:7      | Found a flagged portal.
  7519 | Bailey   | Entered a bailey
  7617 | Bailey   | Reached skill level 7 in Spellcasting
  7769 | Bailey   | Learned a level 3 spell: Frozen Ramparts
  8298 | Bailey   | Reached XP level 9. HP: 33/65 MP: 6/20
  8960 | D:7      | Found a staircase to the Ecumenical Temple.
  9037 | D:7      | Found an iron altar of Okawaru.
  9055 | D:7      | Reached skill level 8 in Spellcasting
  9819 | D:7      | Identified the +1 trident of Fuqumax {flame, rCorr Int+4
                  | SInv}
  9921 | D:7      | Learned a level 4 spell: Petrify
 10376 | Temple   | Entered the Ecumenical Temple
 10427 | Temple   | Became a worshipper of Vehumet
 10617 | D:7      | Reached skill level 9 in Spellcasting
 11027 | D:8      | Noticed a troll
 11123 | D:8      | Reached XP level 10. HP: 73/73 MP: 16/23
 11201 | D:8      | Reached skill level 5 in Fighting
 11424 | D:8      | Reached skill level 1 in Armour
 11624 | D:8      | Found a runed translucent gate.
 11624 | D:8      | Found a runed translucent gate.
 11624 | D:8      | Found a runed translucent gate.
 11628 | D:8      | Noticed kevlar127's ghost (novice TrBe)
 12128 | D:8      | Found an ancient bone altar of Kikubaaqudgha.
 12460 | D:9      | Reached * piety under Vehumet
 12460 | D:9      | Offered knowledge of Shock by Vehumet.
 12544 | D:9      | Noticed a kobold demonologist
 12548 | D:9      | Killed a kobold demonologist
 12678 | D:9      | Found a staircase to the Orcish Mines.
 12705 | D:9      | Reached skill level 10 in Spellcasting
 12889 | D:9      | Noticed a death yak
 12890 | D:9      | Found a staircase to the Lair.
 12945 | D:9      | Noticed a death yak
 12957 | D:9      | Killed a death yak
 12958 | D:9      | Reached skill level 5 in Ice Magic
 13218 | D:9      | Noticed a death yak
 13235 | D:9      | Killed a death yak
 13236 | D:9      | Reached XP level 11. HP: 81/81 MP: 10/25
 13440 | D:9      | Noticed a deep troll
 13450 | D:9      | Killed a deep troll
 14043 | D:9      | Found a hide-covered altar of Uskayaw.
 14425 | D:9      | Killed a death yak
 14426 | D:9      | Reached skill level 5 in Transmutations
 14547 | Lair:1   | Entered Level 1 of the Lair of Beasts
 14843 | Lair:1   | Reached skill level 1 in Staves
 15041 | Lair:1   | Reached skill level 11 in Spellcasting
 15241 | Lair:1   | Offered knowledge of Searing Ray by Vehumet.
 15348 | Lair:1   | Reached ** piety under Vehumet
 16103 | Lair:1   | Found a shimmering altar of Xom.
 17026 | Lair:2   | Found a staircase to the Shoals.
 17069 | Lair:2   | Reached XP level 12. HP: 91/91 MP: 18/27
 17179 | Lair:2   | Found a dark tunnel.
 17199 | Volcano  | Entered a volcano
 17273 | Volcano  | Noticed an ogre mage
 17279 | Volcano  | Killed an ogre mage
 17280 | Volcano  | Reached skill level 12 in Spellcasting
 17355 | Volcano  | Found a burning altar of Makhleb.
 17356 | Volcano  | Noticed a hell knight
 17358 | Volcano  | Noticed a two-headed ogre
 17370 | Volcano  | Killed a two-headed ogre
 17574 | Volcano  | Noticed a two-headed ogre
 17574 | Volcano  | Noticed a two-headed ogre
 17580 | Volcano  | Noticed a two-headed ogre
 17607 | Volcano  | Killed a two-headed ogre
 17611 | Volcano  | Killed a two-headed ogre
 17614 | Volcano  | Killed a two-headed ogre
 17616 | Volcano  | Killed a hell knight
 17753 | Volcano  | Noticed a two-headed ogre
 17771 | Volcano  | Killed a two-headed ogre
 17772 | Volcano  | Reached skill level 5 in Conjurations
 17798 | Volcano  | Noticed a two-headed ogre
 17808 | Volcano  | Killed a two-headed ogre
 18366 | Lair:2   | Noticed a five-headed hydra
 18374 | Lair:2   | Killed a five-headed hydra
 18427 | Lair:2   | Reached skill level 13 in Spellcasting
 18492 | Lair:2   | Reached skill level 10 in Earth Magic
 18750 | Lair:2   | Reached XP level 13. HP: 98/98 MP: 20/30
 19174 | Lair:2   | Offered knowledge of Static Discharge by Vehumet.
 19506 | Lair:2   | Noticed a six-headed hydra
 19693 | Lair:2   | Killed a six-headed hydra
 19810 | Lair:2   | Reached *** piety under Vehumet
 20150 | Lair:2   | Learned a level 4 spell: Hailstorm
 20299 | Lair:3   | Found a gate leading to a gauntlet.
 20436 | Gauntlet | Entered a Gauntlet
 20436 | Gauntlet | Found a transporter.
 20439 | Gauntlet | Found a transporter.
 20442 | Gauntlet | Noticed a ghost crab
 20443 | Gauntlet | Found a transporter.
 20446 | Gauntlet | Found a transporter.
 20447 | Gauntlet | Found a transporter.
 20456 | Gauntlet | Found a transporter.
 20463 | Gauntlet | Found a transporter.
 20465 | Gauntlet | Found the ring of the Mage {Wiz Archmagi}
 20476 | Gauntlet | Found a transporter.
 20493 | Gauntlet | Found a transporter.
 20497 | Gauntlet | Found a transporter.
 20499 | Gauntlet | Found a runed translucent door.
 20501 | Gauntlet | Found a runed translucent door.
 20505 | Gauntlet | Found a transporter.
 20526 | Gauntlet | Found a transporter.
 20561 | Gauntlet | Noticed an entropy weaver
 20774 | Gauntlet | Killed a ghost crab
 20868 | Gauntlet | Identified the ring of Cywkyrph {Fire Str+4 Dex+4}
 20955 | Gauntlet | Identified the ring "Dyoch" {Ice rN+ Will- Int+3}
 20955 | Gauntlet | Noticed a minotaur
 20963 | Gauntlet | Killed a minotaur
 20964 | Gauntlet | Reached skill level 14 in Spellcasting
 21126 | Gauntlet | Offered knowledge of Inner Flame by Vehumet.
 21356 | Gauntlet | Identified the ring "Nummiu" {Fire Slay+3}
 21361 | Gauntlet | Identified the +1 robe of the Poles {Fly rF- rC++ Str+4}
 21584 | Lair:3   | Found a hole to the Spider Nest.
 22115 | Lair:3   | Noticed a four-headed hydra
 22120 | Lair:3   | Killed a four-headed hydra
 22274 | Lair:3   | Noticed Gastronok
 22305 | Lair:3   | Killed Gastronok
 22709 | Lair:3   | Noticed Sonja
 22716 | Lair:3   | Killed Sonja
 23102 | Lair:4   | Noticed an eight-headed hydra
 23106 | Lair:4   | Killed an eight-headed hydra
 23107 | Lair:4   | Reached XP level 14. HP: 106/106 MP: 22/32
 23416 | Lair:3   | Reached **** piety under Vehumet
 23812 | Lair:4   | Offered knowledge of Lee's Rapid Deconstruction by Vehumet.
 23901 | Lair:3   | Learned a level 5 spell: Lee's Rapid Deconstruction
 24369 | Lair:4   | Reached skill level 1 in Ranged Weapons
 25309 | Lair:5   | Entered Level 5 of the Lair of Beasts
 26315 | Lair:5   | Reached skill level 15 in Spellcasting
 26942 | Lair:5   | Found a staircase to the Slime Pits.
 26943 | Lair:5   | Found a viscous altar of Jiyva.
 27342 | Lair:5   | Reached skill level 1 in Shields
 28478 | Lair:5   | Reached XP level 15. HP: 114/115 MP: 17/34
 28575 | Lair:5   | Found a corrupted altar of Lugonu.
 28575 | Lair:5   | Found a one-way gate to the infinite horrors of the Abyss.
 28826 | Lair:5   | Succumbed to a death drake's dark miasma

Illustrated notes

Levels and vault maps discovered:
D:1:      dpeg_arrival_another_circle, layout_rooms, serial_shops, shop,
          minmay_octomino_e4
D:2:      layout_rooms, minmay_pentomino_pile
D:3:      minmay_wonky_spiral, layout_loops_corners, grunt_dithmenos_smoke,
          mainiacjoe_overflow_brackets
D:4:      layout_cave_pods, mainiacjoe_overflow_chevrons, serial_shops,
          nicolae_shop_overgrown_old_shop
D:5:      layout_loops_corners, elyvilon_altar_1, trog_book,
          grunt_gozag_breadcrumbs, serial_shops, nicolae_shop_crystal,
          uniq_crazy_yiuf_cottage
D:6:      wad_lake_hut, layout_basic
D:7:      layout_basic, nicolae_overflow_crystal_walls,
          minmay_temple_entry_ruins, serial_shops,
          nicolae_shop_advertising_works [nicolae_subvault_shop_adworks],
          enter_bailey_5, kennysheep_generic_room_3
D:8:      layout_gridville, kennysheep_vampire_church,
          biasface_ghost_orc_armoury
D:9:      layout_loops_ring, general_overflow_altar, dpeg_lair_monsters,
          david_orc_2, corexii_corridor_pit, st_stairs_2
Temple:   cyrus_circular_temple
Lair:1:   layout_regular_city, basic_altar, nicolae_quartered_pool_little
Lair:2:   layout_chaotic_city, shoals_dummy_entry,
          nicolae_volcano_entry_batcave, serial_bayou_shore_b,
          lemuel_fruit_fields
Lair:3:   layout_hall_layers, nicolae_spider_entry_non_spiders,
          gauntlet_entry_generic, grunt_megastairs_3, uniq_gastronok, uniq_sonja
Lair:4:   layout_cave_pods, serial_bayou_shore_b, lemuel_fruit_tree
Lair:5:   hellmonk_lair_end_abyssal_woods, layout_long_grid, slime_entry_1,
          minmay_lair_drake_nest

Skill      XL: |  1  2  3  4  5  6  7  8  9 10 11 12 13 14 15 |
---------------+----------------------------------------------+-----
Fighting       | 1 2 3 4 5 7 8 9 |  9.7
Earth Magic    | 4 5 6 7 8 10 11 | 11.9
Spellcasting   | 3 4 5 6 7 9 10 11 13 14 15 | 15.4
Ice Magic      | 1 2 3 4 5 6 7 8 |  8.8
Conjurations   | 1 2 3 4 5 6 7 |  7.0
Transmutations | 3 4 5 6 7 8 9 |  9.0
Armour         | 3 4 |  4.4
Dodging        | 2 3 |  3.4
Staves         | 1 |  1.2
Ranged Weapons | 1 |  1.2
Shields        | 2 |  2.3
Long Blades    | |  0.5
Stealth        | |  2.4
Evocations     | |  0.6

Action                   |  1- 3 |  4- 6 |  7- 9 | 10-12 | 13-15 || total
-------------------------+-------+-------+-------+-------+-------++-------
Melee: Unarmed           |     7 |       |       |       |       ||     7
       Short sword       |     1 |     1 |       |       |       ||     2
       Dagger            |       |       |     6 |     5 |       ||    11
       Quarterstaff      |       |       |       |    21 |     1 ||    22
       Double sword      |       |       |       |       |     8 ||     8
       Staff             |       |       |       |       |     4 ||     4
 Fire: Arbalest          |       |       |       |       |    23 ||    23
 Cast: Sandblast         |    60 |    55 |    43 |     9 |    31 ||   198
       Stone Arrow       |       |       |    89 |   202 |   372 ||   663
       Freeze            |       |       |     4 |     9 |       ||    13
       Frozen Ramparts   |       |       |     7 |    23 |    23 ||    53
       Petrify           |       |       |       |    10 |     4 ||    14
       Lee's Rapid Decon |       |       |       |       |     3 ||     3
 Abil: Dig               |       |       |     9 |     2 |    17 ||    28
Evoke: Wand              |       |       |       |     5 |       ||     5
       Piece from Xom's  |       |       |       |       |     1 ||     1
  Use: Scroll            |       |       |     6 |    12 |     7 ||    25
       Potion            |       |       |       |     2 |     2 ||     4
 Stab: Sleeping          |     1 |       |       |       |       ||     1
       Petrified         |       |       |       |     3 |       ||     3
Armor: Robe              |    18 |     4 |    11 |    22 |    60 ||   115
       Steam dragon scal |       |       |       |     1 |       ||     1
       Ring mail         |       |       |       |     3 |       ||     3
Dodge: Dodged            |    57 |    17 |    52 |   100 |   197 ||   423
Block: Kite shield       |       |       |       |       |    19 ||    19

Table legend: (Time is in decaauts)
 A = Elapsed time spent in this place.
 B = Non-inter-level travel time spent in this place.
 C = Inter-level travel time spent in this place.
 D = Time resting spent in this place.
 E = Time spent auto-exploring this place.
 F = Levels seen in this place.
 G = Mean time per level.
                   A        B        C        D        E       F      G
               +--------+--------+--------+--------+--------+-----+--------+
         Total |  29097 |  28028 |   1069 |   8158 |  12417 |  18 | 1616.5 |
       Dungeon |  13400 |  12556 |    844 |   2818 |   6878 |   9 | 1488.9 |
        Temple |     66 |     52 |     14 |      0 |     34 |   1 |   66.0 |
          Lair |  12267 |  12057 |    210 |   4002 |   4943 |   5 | 2453.4 |
        Bailey |   1425 |   1425 |      0 |    514 |    224 |   1 | 1425.0 |
       Volcano |    945 |    945 |      0 |    434 |    180 |   1 |  945.0 |
      Gauntlet |    991 |    991 |      0 |    390 |    157 |   1 |  991.0 |
               +--------+--------+--------+--------+--------+-----+--------+

Top non-repeatable levels by time:
  Lair:5: 2904 daAuts
  Lair:4: 2568 daAuts
  Lair:1: 2515 daAuts
     D:7: 2424 daAuts
  Lair:2: 2140 daAuts
  Lair:3: 2138 daAuts
     D:6: 2103 daAuts
     D:9: 1807 daAuts
     D:5: 1707 daAuts
     D:8: 1647 daAuts
  Bailey: 1425 daAuts
     D:3: 1260 daAuts
     D:1: 1020 daAuts
Gauntlet: 991 daAuts
 Volcano: 945 daAuts
